 Dungeon Crawl Stone Soup version 0.18-a0-1718-g40ea4b6 (webtiles) character file.

325 M4edhros the Covert (level 6, -5/24 HPs)
             Began as a Felid Venom Mage on Apr 8, 2016.
             Killed from afar by a twister (7 damage)
             ... with a tornado
             ... summoned by the severe capriciousness of Xom
             ... on level 6 of the Dungeon.
             The game lasted 00:28:57 (25574 turns).

M4edhros the Covert (Felid Venom Mage)             Turns: 25574, Time: 00:28:58

Health: -5/24      AC: 10    Str: 11    XL:     6   Next: 24%
Magic:  10/10      EV: 16    Int: 16    God:    Xom [......]
Gold:   1049       SH:  0    Dex: 19    Spells: 2 memorised, 5 levels left
                                        Lives:  0   Deaths: 2

rFire  . . .     SeeInvis +     (weapon unavailable)
rCold  . . .     Gourm    .     (armour unavailable)
rNeg   . . .     Faith    .     (shield unavailable)
rPois  .         Spirit   .     (helmet unavailable)
rElec  .         Dismiss  .     (cloak unavailable)
rCorr  .         Reflect  .     (gloves unavailable)
SustAt .         Harm     .     (boots unavailable)
MR     +....                    f - amulet of magic regeneration
Stlth  +++++.....               t - +5 ring of strength
                                l - +3 ring of evasion

@: flying (expiring), quick, somewhat resistant to hostile enchantments, quite
stealthy
A: no armour, no weapons or thrown items, antennae 1, claws 1, fangs 3,
iridescent scales 1, thin metallic scales 1, yellow scales 1, see invisible,
carnivore 3, speed 1, magic resistance 1, shaggy fur 2, slow metabolism 1,
strong 1, wild magic 2, sharp paws
a: Renounce Religion


You were on level 6 of the Dungeon.
You worshipped Xom.
You were a very special plaything of Xom.
You were full.

You visited 2 branches of the dungeon, and saw 8 of its levels.

You collected 1049 gold pieces.

Inventory:

Jewellery
 f - an amulet of magic regeneration (around neck)
 l - a +3 ring of evasion (left paw)
 t - a +5 ring of strength (right paw)
Wands
 s - a wand of lightning (6/15)
Scrolls
 c - 2 scrolls of remove curse
 g - a scroll of fear
 h - 2 scrolls of immolation
 i - 2 scrolls of recharging
 k - a scroll of noise {unknown}
 m - a scroll of random uselessness {unknown}
 n - a scroll of enchant armour
 o - 2 scrolls of enchant weapon
Potions
 d - 2 potions of lignification
 j - 2 potions of might
 r - 2 potions of degeneration
Books
 a - a Young Poisoner's Handbook

   Spells                             Type                      Level
   a - Sting                          Conjuration/Poison           1
   b - Cure Poison                    Poison                       2
   c - Mephitic Cloud                 Conjuration/Poison/Air       3
   d - Olgreb's Toxic Radiance        Poison                       4
   e - Venom Bolt                     Conjuration/Poison           5
Miscellaneous
 e - a sack of spiders {used: 1}
 q - a stone of tremors
Comestibles
 b - 5 meat rations
 p - 5 royal jellies


   Skills:
 - Level 2.6 Dodging
 + Level 8.9 Stealth
 - Level 2.0 Spellcasting
 - Level 3.1 Conjurations
 + Level 2.3 Air Magic
 + Level 5.2 Poison Magic


You had 5 spell levels left.
You knew the following spells:

 Your Spells              Type           Power        Failure   Level  Hunger
a - Sting                 Conj/Pois      ###.         12%         1    #......
b - Mephitic Cloud        Conj/Pois/Air  ###.....     28%         3    ###....


Dungeon Overview and Level Annotations

Branches:
Dungeon (7/15)             Temple (1/1) D:5

Altars:
Ashenzari
Dithmenos
Elyvilon
Kikubaaqudgha
Makhleb
Nemelex Xobeh
Okawaru
Pakellas
Ru
Sif Muna
Trog
Vehumet
Xom
Zin
The Shining One
Lugonu

Annotations:
D:3 Grinder
D:7 exclusion: oklob plant, Torro's ghost, novice MiFi


Innate Abilities, Weirdness & Mutations

You cannot wear armour.
You are incapable of wielding weapons or throwing items.
You have sharp claws.
You have razor-sharp teeth.
You have supernaturally acute eyesight.
You are carnivorous and can eat meat at any time.
You cover ground quickly.
You are covered in thick fur (AC +2).
You have a slow metabolism.
Your sharp claws are effective at attacking unaware monsters.
You have a pair of small antennae on your head.
You are partially covered in iridescent scales (AC +4).
You are partially covered in thin metallic scales (AC +2).
You are partially covered in yellow scales (AC +2).
You are resistant to hostile enchantments.
Your muscles are strong. (Str +2)
Your spells are harder to cast, but more powerful.


Message History

The crimson imp closely misses you. The crimson imp completely misses you.
The crimson imp closely misses you.
The crimson imp hits you but does no damage.
The crimson imp barely misses you. The crimson imp barely misses you.
The crimson imp gestures.
The crimson imp blinks!
The crimson imp misses you.
The crimson imp gestures.
The crimson imp blinks!
Xom's power touches on you.
The vortex of raging winds lifts you up.
You fly up into the air.
A huge vortex of air appears!
You are engulfed in raging winds.
The crimson imp dies!
You are engulfed in raging winds.
* * * LOW HITPOINT WARNING * * *
You are engulfed in raging winds.
You die...

#.## .... .....
..... ### ## #....
###8###8###
#....##8§§.8§).8##.#
#....##§§§§§....##.#
#..S#@§§§§§§..._#.#
##.###§§§§§....####
###8v§§8...8###
###8###8### ### ##


You could see a twister and an adder.

Vanquished Creatures
  Sigmund (D:6)
  A boggart (D:5)
  A centaur (D:5)
  A giant frog (D:3)
  A water moccasin skeleton (D:5)
  A jelly (D:5)
  A howler monkey (D:4)
  A quasit (D:5)
  An orc wizard (D:5)
  A centaur skeleton (D:4)
  2 iguanas
  2 worker ants
  2 worker ant zombies
  2 adders
  2 shadow imps (D:5)
  2 oozes
  4 giant geckos
  3 orcs
  A ball python (D:5)
  3 giant cockroaches
  5 goblins
  7 hobgoblins
  A quokka (D:5)
  3 bats
  4 giant newts
  3 kobolds
  7 rats
63 creatures vanquished.

Vanquished Creatures (collateral kills)
  A crimson imp (D:5)
  A shadow imp (D:5)
2 creatures vanquished.

Vanquished Creatures (others)
  A crimson imp (D:6)
  A quokka (D:5)
2 creatures vanquished.

Grand Total: 67 creatures vanquished

Notes
Turn   | Place    | Note
--------------------------------------------------------------
     0 | D:1      | M4edhros the Felid Venom Mage began the quest for the Orb.
     0 | D:1      | Reached XP level 1. HP: 7/7 MP: 4/4
   194 | D:1      | Reached skill level 3 in Stealth
   231 | D:1      | Reached skill level 1 in Conjurations
   243 | D:1      | Reached XP level 2. HP: 11/11 MP: 0/6
  1149 | D:2      | Reached skill level 4 in Stealth
  1149 | D:2      | Reached XP level 3. HP: 14/14 MP: 2/7
  1850 | D:3      | Noticed Grinder
  2010 | D:3      | Noticed a giant frog
  2024 | D:3      | Killed a giant frog
  2024 | D:3      | Reached skill level 5 in Stealth
  2024 | D:3      | Reached XP level 4. HP: 6/18 MP: 3/8
  2327 | D:4      | Found a sacrificial altar of Ru.
  2360 | D:4      | Reached XP level 5. HP: 13/21 MP: 1/9
  2764 | D:4      | Learned a level 3 spell: Mephitic Cloud
  2911 | D:4      | Reached skill level 6 in Stealth
  2994 | D:4      | Found a burning altar of Makhleb.
  2996 | D:4      | Noticed an Executioner
  2999 | D:4      | Found a glowing silver altar of Zin.
  2999 | D:4      | Noticed an angel
  3405 | D:5      | Entered Level 5 of the Dungeon
  3720 | D:5      | Gained mutation: You are covered in thick fur (AC +2). [Felid growth]
  3720 | D:5      | Reached XP level 6. HP: 20/24 MP: 0/10
  3869 | D:5      | Reached skill level 7 in Stealth
  3979 | D:5      | Found a staircase to the Ecumenical Temple.
  4112 | Temple   | Entered the Ecumenical Temple
  4243 | D:5      | Found a shimmering altar of Xom.
  4317 | D:5      | Became a worshipper of Xom of Chaos
  4374 | D:5      | XOM: potion effect (brilliance)
  4498 | Temple   | XOM: god gift: battleaxe {god gift}
  4781 | Temple   | XOM: god gift: 7 royal jellies
  4798 | D:5      | XOM: potion effect (haste)
  5286 | Temple   | XOM: give mutations
  5286 | Temple   | Gained mutation: Your muscles are strong. (Str +2) [Xom's grace]
  5286 | Temple   | Gained mutation: You evolve. [Xom's grace]
  5286 | Temple   | Gained mutation: Your muscles are very strong. (Str +4) [Xom's grace]
  5352 | Temple   | XOM is BORED!
  5352 | Temple   | XOM: give mutations
  5352 | Temple   | Gained mutation: You are partially covered in thin metallic scales (AC +2). [Xom's mischief]
  5352 | Temple   | Lost mutation: You evolve. [Xom's mischief]
  5352 | Temple   | Lost mutation: Your muscles are very strong. (Str +4) [Xom's mischief]
  5383 | Temple   | XOM: scenery: create altars
  6634 | Temple   | XOM: give mutations
  6634 | Temple   | Gained mutation: Your flesh is heat resistant. [Xom's grace]
  6634 | Temple   | Gained mutation: You have a pair of small antennae on your head. [Xom's grace]
  6634 | Temple   | Gained mutation: You passively map a small area around you. [Xom's grace]
  6634 | Temple   | Gained mutation: You are partially covered in yellow scales (AC +2). [Xom's grace]
  6724 | Temple   | XOM: 2-stop teleportation journey
  6769 | Temple   | XOM: give mutations
  6769 | Temple   | Gained mutation: Your spells are a little harder to cast, but a little more powerful. [Xom's grace]
  6769 | Temple   | Gained mutation: You are somewhat resistant to further mutation. [Xom's grace]
  6843 | Temple   | XOM: give mutation
  6843 | Temple   | Gained mutation: You are partially covered in iridescent scales (AC +4). [Xom's grace]
  6870 | Temple   | XOM: 4-stop teleportation journey
  6912 | D:5      | XOM is BORED!
  6912 | D:5      | XOM: give mutations
  6912 | D:5      | Lost mutation: You passively map a small area around you. [Xom's mischief]
  6912 | D:5      | Gained mutation: You are clumsy. (Dex -2) [Xom's mischief]
  6912 | D:5      | Lost mutation: Your muscles are strong. (Str +2) [Xom's mischief]
  6963 | D:5      | XOM: mild Conj miscast
  7155 | Temple   | XOM: mild Chrm miscast
  7642 | Temple   | XOM: vitrification
  8379 | Temple   | XOM: scenery: create altars
  8540 | Temple   | XOM: god gift: 12 royal jellies
  8605 | Temple   | XOM is BORED!
  8605 | Temple   | XOM: medium Summ miscast
  8606 | Temple   | Noticed a spatial vortex
  8606 | Temple   | Noticed a spatial vortex
  8606 | Temple   | Noticed a spatial vortex
  8623 | D:5      | XOM: divination: detect creatures
  8752 | D:5      | XOM: 1-stop teleportation journey
  8837 | Temple   | XOM: give mutations
  8837 | Temple   | Gained mutation: Your flesh is cold resistant. [Xom's grace]
  8837 | Temple   | Gained mutation: You possess an exceptional clarity of mind. [Xom's grace]
  8837 | Temple   | Lost mutation: You are somewhat resistant to further mutation. [Xom's grace]
  8837 | Temple   | Gained mutation: You evolve. [Xom's grace]
  8837 | Temple   | Gained mutation: Your muscles are strong. (Str +2) [Xom's grace]
  8858 | D:5      | XOM: harmless Conj miscast
  8995 | D:5      | XOM: noise
  9061 | D:5      | XOM: potion effect (brilliance)
  9084 | D:5      | XOM: harmless Summ miscast
  9086 | D:5      | XOM: potion effect (berserk rage)
  9116 | D:5      | XOM: divination: detect items
  9174 | D:5      | XOM: potion effect (haste)
  9207 | D:5      | XOM: potion effect (heal wounds)
  9246 | D:5      | XOM: potion effect (haste)
  9250 | D:5      | XOM: fake destruction
 10312 | Temple   | XOM is BORED!
 10312 | Temple   | XOM: mild Hex miscast
 10337 | D:5      | XOM: noise
 10357 | D:5      | XOM: summons 3 hostile demons
 10393 | D:5      | XOM: polymorph crimson imp -> quasit
 10403 | D:5      | XOM: medium Erth miscast
 10409 | D:5      | XOM: repel stairs
 10425 | D:5      | XOM: enchant monster (bad)
 10434 | D:5      | XOM: harmless Air miscast
 10441 | D:5      | XOM: medium Air miscast
 10465 | D:5      | XOM: severe Pois miscast
 10504 | D:5      | Noticed an ice beast
 10547 | D:5      | XOM: severe Summ miscast
 10548 | D:5      | Noticed a worldbinder
 10550 | D:5      | Noticed a deep elf mage
 10558 | D:5      | Noticed a deep elf archer
 10558 | D:5      | Noticed a deep elf archer
 10558 | D:5      | Noticed a deep elf archer
 10561 | D:5      | XOM: cast spell 'Summon Small Mammal'
 10561 | D:5      | Shot with an arrow by a deep elf archer
 10562 | D:5      | Reached XP level 5. HP: -8/21 MP: 9/9
 11422 | Temple   | XOM: god gift: runed robe {god gift}
 11438 | Temple   | Gained mutation: You can translocate small distances at will. [evolution]
 11498 | Temple   | XOM: harmless Tloc miscast
 11983 | Temple   | XOM: noise
 12809 | Temple   | XOM: god gift: sack of spiders
 13535 | Temple   | XOM: 3-stop teleportation journey
 13834 | Temple   | XOM: vitrification
 14086 | Temple   | XOM: give mutations
 14086 | Temple   | Gained mutation: Your spells are harder to cast, but more powerful. [Xom's grace]
 14086 | Temple   | Gained mutation: Your muscles are very strong. (Str +4) [Xom's grace]
 14379 | Temple   | XOM: scenery: create altars
 15827 | Temple   | XOM: god gift: dented ivory amulet {god gift}
 16089 | Temple   | XOM: 2-stop teleportation journey
 16970 | Temple   | XOM is BORED!
 16970 | Temple   | XOM: medium Summ miscast
 16971 | Temple   | Noticed a small abomination
 16971 | Temple   | Noticed a small abomination
 17121 | D:5      | XOM: severe Divn miscast
 17184 | D:5      | XOM: enchant monster (bad)
 17193 | D:5      | XOM: medium Ice miscast
 17208 | D:5      | XOM: polymorph crimson imp -> iron imp
 17209 | D:5      | Noticed a boggart
 17209 | D:5      | an ice beast changed into a boggart
 17209 | D:5      | XOM: polymorph ice beast -> boggart
 17236 | D:5      | Killed a boggart
 17236 | D:5      | Reached skill level 8 in Stealth
 17236 | D:5      | Reached skill level 1 in Air Magic
 17236 | D:5      | Reached XP level 6. HP: 14/24 MP: 1/10
 18530 | D:5      | XOM: god gift: 820 gold pieces
 18559 | D:5      | XOM: polymorph crimson imp -> shadow imp
 18632 | D:5      | Found a white marble altar of Elyvilon.
 18888 | D:5      | XOM: harmless Conj miscast
 18897 | D:5      | XOM: potion effect (invisibility)
 18910 | D:5      | XOM: harmless Fire miscast
 18919 | D:5      | XOM: divination: detect items
 19154 | Temple   | XOM: 7-stop teleportation journey
 19409 | Temple   | XOM: god gift: 9 arrows of frost
 19534 | Temple   | XOM: vitrification
 19632 | Temple   | XOM: god gift: stone of tremors
 19672 | D:5      | XOM: noise
 19686 | D:5      | XOM: swap monsters
 19697 | D:5      | XOM: give mutations
 19697 | D:5      | Lost mutation: Your muscles are very strong. (Str +4) [Xom's mischief]
 19697 | D:5      | Lost mutation: You possess an exceptional clarity of mind. [Xom's mischief]
 19733 | D:5      | XOM: swap monsters
 19781 | D:5      | XOM: blink monster(s)
 19785 | D:5      | Xom revived you
 20348 | Temple   | XOM: harmless Tloc miscast
 20673 | Temple   | XOM: noise
 20933 | Temple   | XOM: give mutations
 20933 | Temple   | Gained mutation: You are resistant to hostile enchantments. [Xom's grace]
 20933 | Temple   | Gained mutation: Your muscles are very strong. (Str +4) [Xom's grace]
 20933 | Temple   | Lost mutation: You are clumsy. (Dex -2) [Xom's grace]
 21169 | Temple   | XOM: god gift: shiny helmet {god gift}
 21265 | Temple   | XOM: scenery: create altars
 21365 | Temple   | XOM: 4-stop teleportation journey
 21502 | Temple   | XOM: harmless Summ miscast
 22453 | Temple   | XOM: summons 1 hostile demon
 22641 | Temple   | XOM: give mutations
 22641 | Temple   | Lost mutation: Your muscles are very strong. (Str +4) [Xom's mischief]
 22641 | Temple   | Lost mutation: Your flesh is heat resistant. [Xom's mischief]
 22919 | Temple   | XOM: 7-stop teleportation journey
 23119 | Temple   | XOM: harmless Tloc miscast
 24844 | Temple   | XOM: 9-stop teleportation journey
 25041 | Temple   | XOM: give mutations
 25041 | Temple   | Lost mutation: You evolve. [Xom's mischief]
 25041 | Temple   | Lost mutation: You can translocate small distances at will. [Xom's mischief]
 25041 | Temple   | Lost mutation: Your flesh is cold resistant. [Xom's mischief]
 25305 | D:6      | Noticed Sigmund
 25320 | D:6      | Killed Sigmund
 25320 | D:6      | Reached skill level 5 in Poison Magic
 25320 | D:6      | Reached XP level 7. HP: 16/27 MP: 4/11
 25340 | D:6      | XOM: harmless Fire miscast
 25382 | D:6      | XOM: silly message
 25387 | D:6      | XOM: mild Ice miscast
 25387 | D:6      | HP: 1/27 [orc warrior/stone (8)]
 25387 | D:6      | Killed from afar by an orc wizard
 25388 | D:6      | Reached XP level 6. HP: 0/24 MP: 3/10
 25388 | D:6      | Found an iron altar of Okawaru.
 25459 | D:7      | Found a glowing silver altar of Zin.
 25460 | D:7      | Noticed an oklob plant
 25461 | D:7      | Noticed Torro's ghost (novice MiFi)
 25503 | D:7      | XOM: medium Hex miscast
 25535 | D:7      | XOM: torment (13/24 hp)
 25540 | D:7      | XOM: harmless Hex miscast
 25571 | D:6      | XOM: severe Air miscast
 25574 | D:6      | Killed from afar by a twister

Vault maps used:
D:1:      minmay_arrival_wavy_path
D:2:      minitemple, minmay_door_square, uniq_crazy_yiuf_cottage
D:3:      first_bread, uniq_grinder
D:4:      grunt_temple_overflow_order_and_chaos_2, kennysheep_mini
D:5:      elyvilon_altar_4, led_xom_imps, temple_doors_e,
          hangedman_decor_growths
D:6:      nicolae_overflow_hidden_temple, serial_shops,
          nicolae_shop_window_shopping, fedhas_altar_3, uniq_sigmund
D:7:      nicolae_qazlal_general_emergency, grunt_ogre_cave, lemuel_oklob_altar
Temple:   corrupted_temple

Skill      XL: |  1  2  3  4  5  6 |
---------------+-------------------+-----
Stealth        | 3 4 5 8 7 |  8.9
Conjurations   | 1 2 3 |  3.1
Poison Magic   | 4 5 |  5.2
Air Magic      | 1 2 |  2.3
Dodging        | |  2.6
Spellcasting   | |  2.0

Action                   |  1- 3 |  4- 6 |  7- 9 || total
-------------------------+-------+-------+-------++-------
Melee: Unarmed           |    44 |   195 |     9 ||   248
 Cast: Sting             |    63 |    75 |       ||   138
       Mephitic Cloud    |       |     5 |     1 ||     6
Evoke: Wand              |       |     1 |       ||     1
       Sack of spiders   |       |     1 |       ||     1
  Use: Scroll            |     3 |     8 |       ||    11
       Potion            |       |     3 |     1 ||     4
 Stab: Sleeping          |     4 |     6 |       ||    10
       Confused          |       |     1 |       ||     1
  Eat: Chunk             |    10 |    11 |       ||    21
       Royal jelly       |       |    13 |     1 ||    14
       Beef jerky        |       |     1 |       ||     1
